Map: [ESL] Alcyone

Players

Jieshi - Winner!

  • Race: Protoss Protoss
  • Spawn Location: 1:00

Has

  • Race: Protoss Protoss
  • Spawn Location: 7:00

Event: ESL SC2 Masters 2023 Winter (Regional)

VOD

Have the link to the VOD?

Description

Time

  • Played on: Oct. 29, 2023, 7:10 a.m.
  • Length: 9:42

All games in this series

Show
View Real Time Build Order
Export as new Build Order

Jieshi Protoss - Winner!

Build Orders: Oracle Opening 

Get SALT Encoding   

  12  0:00  Probe  
  13  0:13  Probe  
  14  0:17  Pylon  
  14  0:25  Probe (Chrono Boost)  
  15  0:37  Gateway, Probe (Chrono Boost)  
  16  0:44  Probe (Chrono Boost)  
  16  0:46  Assimilator  
  17  0:51  Probe  
  17  0:54  Assimilator  
  18  1:03  Probe (Chrono Boost)  
  19  1:07  Gateway  
  19  1:13  Probe (Chrono Boost)  
  19  1:18  Probe (Chrono Boost)  
  20  1:25  Cybernetics Core  
  21  1:29  Probe  
  22  1:37  Pylon  
  22  1:42  Probe  
  23  1:55  Probe  
  24  2:01  Stargate  
  24  2:06  Adept x2  
  28  2:10  Warp Gate  
  28  2:17  Pylon  
  28  2:41  Stalker  
  28  2:43  Oracle (Chrono Boost)  
  33  2:53  Stalker  
  33  3:08  Probe  
  33  3:11  Shield Battery  
  34  3:21  Oracle (Chrono Boost)  
  34  3:22  Probe  
  34  3:23  Shield Battery  
  38  3:35  Gateway  
  38  3:46  Probe  
  38  3:47  Pylon  
  39  3:57  Pylon  
  39  4:05  Phoenix  
  39  4:07  Stalker x2  
  45  4:10  Probe  
  46  4:17  Pylon  
  46  4:22  Robotics Facility  
  46  4:29  Shield Battery  
  46  4:31  Pylon  
  46  4:33  Adept  
  48  4:43  Phoenix (Chrono Boost)  
  50  4:46  Adept  
  50  4:52  Adept  
  54  5:04  Stalker  
  56  5:15  Immortal  
  56  5:28  Zealot  
  56  5:30  Gateway  
  56  5:33  Sentry  
  60  5:41  Shield Battery  
  58  5:54  Adept  
  55  5:57  Adept  
  55  6:03  Probe  
  52  6:07  Immortal (Chrono Boost)  
  56  6:15  Probe  
  57  6:25  Adept x2  
  58  6:27  Probe  
  58  6:30  Stalker  
  61  6:44  Warp Prism  
  63  6:56  Sentry  
  63  6:57  Stalker  
  67  7:02  Stalker  
  69  7:24  Observer  
  66  7:37  Observer, Adept x2  
  70  7:46  Pylon  
  70  7:48  Observer, Pylon  
  70  8:05  Shield Battery, Immortal (Chrono Boost), Pylon  
  74  8:36  Nexus  
  69  9:05  Stalker x2  
  69  9:08  Adept  
  71  9:32  Sentry  
  71  9:33  Stalker  
Show
View Real Time Build Order
Export as new Build Order

Has Protoss 

Build Orders:  

Get SALT Encoding   

  12  0:00  Probe  
  13  0:12  Probe  
  14  0:17  Pylon  
  14  0:24  Probe  
  15  0:35  Gateway  
  15  0:36  Probe (Chrono Boost)  
  15  0:42  Assimilator  
  16  0:46  Probe (Chrono Boost)  
  17  0:52  Probe  
  17  0:54  Assimilator  
  18  1:04  Probe  
  18  1:07  Gateway  
  19  1:16  Probe  
  20  1:22  Cybernetics Core  
  20  1:28  Probe  
  20  1:31  Pylon  
  21  1:40  Probe  
  22  1:52  Probe  
  23  1:58  Adept  
  23  2:00  Robotics Facility  
  25  2:02  Adept  
  25  2:04  Probe  
  25  2:06  Warp Gate (Chrono Boost)  
  28  2:13  Pylon  
  28  2:20  Pylon  
  28  2:30  Stalker  
  28  2:34  Stalker  
  31  2:47  Gateway, Shield Battery  
  31  3:06  Stalker x2  
  31  3:10  Gateway  
  36  3:12  Observer (Chrono Boost)  
  36  3:17  Pylon  
  36  3:31  Probe  
  36  3:45  Warp Prism (Chrono Boost)  
  34  3:50  Stalker  
  34  3:53  Stalker  
  40  4:00  Pylon  
  40  4:16  Stalker x2  
  44  4:24  Stalker  
  43  4:48  Stalker x3  
  49  5:12  Stalker  
  51  5:14  Stalker x2  
  53  5:28  Pylon  
  53  5:42  Adept x2  
  55  5:48  Pylon  
  47  6:07  Sentry  
  47  6:10  Twilight Council, Probe (Chrono Boost)  
  48  6:14  Stalker  
  47  6:22  Probe (Chrono Boost)  
  47  6:30  Probe (Chrono Boost)  
  48  6:38  Immortal (Chrono Boost)  
  48  6:41  Observer  
  48  6:45  Resonating Glaives (Chrono Boost)  
  52  6:57  Adept  
  52  6:59  Observer  
  54  7:02  Adept  
  56  7:09  Adept  
  58  7:28  Adept x2  
  62  7:34  Adept  
  63  8:04  Stalker x3  
  69  8:14  Observer  
  70  8:30  Pylon  
  70  8:33  Gateway  
  70  8:46  Adept  
  71  8:51  Pylon  
  57  9:07  Adept x2  
  51  9:27  Adept x2  
  51  9:30  Adept  
Tags
 
Add a new tag
Caveats
  • Supply blocks, unpowered buildings, or Contaminate may cause inaccurate times.
  • Supply counts are checked every 10 seconds.